 Dungeon Crawl Stone Soup version 0.29-a0-337-g68df138881 (webtiles) character file.

Game seed: 14535906098025703691

25 quokkamancerX the Chopper (level 3, -15/31 HPs)
             Began as a Hill Orc Fighter on Apr 16, 2022.
             Demolished by an ogre
             ... wielding a +0 giant spiked club
              (17 damage)
             ... on level 2 of the Dungeon.
             The game lasted 00:03:35 (618 turns).

quokkamancerX the Chopper (Hill Orc Fighter)         Turns: 618, Time: 00:03:35

Health: -15/31     AC:  6    Str: 20    XL:     3   Next: 4%
Magic:  3/3        EV:  9    Int:  8    God:
Gold:   33         SH:  4    Dex: 10    Spells: 2/2 levels left

rFire   . . .      SeeInvis .   a - +0 war axe
rCold   . . .      Faith    .   c - +0 buckler
rNeg    . . .      Spirit   .   b - +0 scale mail
rPois   .          Reflect  .   (no helmet)
rElec   .          Harm     .   (no cloak)
rCorr   .          Rampage  .   (no gloves)
Will    .....                   (no boots)
Stlth   ..........              (no amulet)
HPRegen 0.10/turn               (no ring)
MPRegen 0.08/turn               (no ring)

@: mighty
A: no striking features
a: no special abilities


You were on level 2 of the Dungeon.
You visited 1 branch of the dungeon, and saw 2 of its levels.

You collected 33 gold pieces.

Inventory:

Hand Weapons
 a - a +0 war axe (weapon)
Armour
 b - a +0 scale mail (worn)
 c - a +0 buckler (worn)
Scrolls
 f - a scroll of enchant weapon {unknown}
Potions
 e - a potion of mutation {unknown}
 g - a potion of haste {unknown}


   Skills:
 - Level 3.6 Fighting
 + Level 4.6 Axes
 - Level 3.2 Armour
 - Level 3.2 Shields


You had 2 spell levels left.
You didn't know any spells.
Your spell library was empty.

Dungeon Overview and Level Annotations

Branches:
Dungeon (1/15)

Altars:


Message History

You have reached level 3!
Your experience leads to an increase in your attributes!
Increase (S)trength, (I)ntelligence, or (D)exterity?
You feel stronger. x2
You start resting.
HP restored.
Things that are here:
a +0 dagger; a goblin corpse
There is an open door here.
f - a scroll labelled POAGAT TARU You see here a +2 dagger of venom.
Found 15 stones.
Found a cyan potion.
g - a cyan potion
There is an open door here.
A giant cockroach comes into view.
Found 7 gold pieces.
You barely miss the giant cockroach. The giant cockroach barely misses you.
The giant cockroach bites you but does no damage.
You slash the giant cockroach!
You kill the giant cockroach!
Found 9 gold pieces.
Found a stone staircase leading down.
You now have 24 gold pieces (gained 7).
You now have 33 gold pieces (gained 9).
You open the door.
There is an open door here.
An ogre comes into view. It is wielding a +0 giant spiked club.
You feel very mighty all of a sudden.
You slash the ogre!
The ogre is severely wounded.
The ogre hits you with a +0 giant spiked club!!
Ouch! That really hurt!
* * * LOW HITPOINT WARNING * * *
Unknown command.
You slash the ogre!
The ogre is almost dead.
The ogre hits you with a +0 giant spiked club!
Ouch! That really hurt!
You die...

### ##.##
#................ #..#
#.......^........ ##.##
#................ #..#
#####.#######....
#####.# #.# #####....
#.....# #.# #........
#.##..# #.# #........
#..########.###........
#.....@O.......(.......
##..#######.###.......#
##.# ###+##### #.# #.#
#.. ##. .


You could see an ogre.

Vanquished Creatures
  An adder (D:2)
  A worm (D:2)
  A dart slug (D:1)
  An endoplasm (D:1)
  2 giant cockroaches
  A goblin (D:2)
  2 kobolds (D:2)
  2 ball pythons (D:2)
11 creatures vanquished.

Notes
Turn   | Place    | Note
-------+----------+-------------------------------------------
     0 | D:1      | quokkamancerX the Hill Orc Fighter began the quest for the
                  | Orb.
     0 | D:1      | Reached XP level 1. HP: 19/19 MP: 1/1
    92 | D:1      | Reached skill level 3 in Axes
   118 | D:1      | You fall into a shaft and drop 1 floor!
   131 | D:2      | Reached skill level 4 in Axes
   131 | D:2      | Reached XP level 2. HP: 17/26 MP: 2/2
   398 | D:2      | Reached XP level 3. HP: 19/31 MP: 3/3
   612 | D:2      | Noticed an ogre
   617 | D:2      | HP: 1/31 [ogre/+0 giant spiked club (30)]
   618 | D:2      | Demolished by an ogre

Illustrated notes

Levels and vault maps discovered:
D:1:      dpeg_arrival_refuge, layout_basic,
          shapermc_ecumenical_altar_rom_forum, minmay_pentomino_q4
D:2:      layout_basic

Skill      XL: |  1 |
---------------+----+-----
Axes           | 4 |  4.6
Fighting       | |  3.6
Armour         | |  3.2
Shields        | |  3.2

Action                   || total
-------------------------++-------
Melee: War axe           ||    31
  Use: Potion            ||     1
Armor: Scale mail        ||    12
Dodge: Dodged            ||     7
Block: Buckler           ||     4

Table legend: (Time is in decaauts)
 A = Elapsed time spent in this place.
 B = Non-inter-level travel time spent in this place.
 C = Inter-level travel time spent in this place.
 D = Time resting spent in this place.
 E = Time spent auto-exploring this place.
 F = Levels seen in this place.
 G = Mean time per level.
                   A        B        C        D        E       F      G
               +--------+--------+--------+--------+--------+-----+--------+
         Total |    627 |    627 |      0 |    333 |    100 |   2 |  313.5 |
       Dungeon |    627 |    627 |      0 |    333 |    100 |   2 |  313.5 |
               +--------+--------+--------+--------+--------+-----+--------+

Top non-repeatable levels by time:
     D:2: 508 daAuts
     D:1: 119 daAuts
